 Dungeon Crawl Stone Soup version 0.28.0-43-g3370ac3207 (webtiles) character file.

Game seed: 10839241174619896408

59 vvl the Insei (level 4, 0/28 HPs)
             Began as an Octopode Transmuter on Mar 9, 2022.
             Slain by an orc priest
             ... wielding a +0 war axe
              (13 damage)
             ... on level 3 of the Dungeon.
             The game lasted 00:04:22 (3300 turns).

vvl the Insei (Octopode Transmuter)                 Turns: 3300, Time: 00:04:24

Health: 0/28       AC:  1    Str:  9    XL:     4   Next: 3%
Magic:  6/7        EV: 13    Int: 17    God:
Gold:   198        SH:  0    Dex: 12    Spells: 6/7 levels left

rFire   . . .      SeeInvis .   a - +0 short sword
rCold   + . .      Faith    .   (no shield)
rNeg    . . .      Spirit   .   (helmet currently unavailable)
rPois   .          Reflect  .   (no amulet)
rElec   .          Harm     .   i - ring of protection from cold
rCorr   .          Rampage  .   (no ring)
Will    .....                   (no ring)
Stlth   ++........              (no ring)
HPRegen 0.09/turn               (no ring)
MPRegen 0.10/turn               (no ring)
                                (no ring)
                                (no ring)

@: appendages
A: tentacle spike 3, almost no armour, amphibious, 8 rings, camouflage 1,
gelatinous body 1, (nimble swimmer 1), tentacles
a: End Transformation


You were on level 3 of the Dungeon.
One of your tentacles had grown a beastly spike.
You visited 1 branch of the dungeon, and saw 3 of its levels.

You collected 198 gold pieces.

Inventory:

Hand Weapons
 a - a +0 short sword (weapon)
Jewellery
 i - a ring of protection from cold (left tentacle)
Scrolls
 c - 2 scrolls of identify {unknown}
 d - a scroll of enchant weapon {unknown}
 e - 3 scrolls of teleportation {unknown}
 f - 2 scrolls of blinking {unknown}
Potions
 b - a potion of resistance {unknown}
 g - a potion of invisibility {unknown}
 h - a potion of cancellation {unknown}


   Skills:
 + Level 1.5 Fighting
 + Level 2.3 Dodging
 + Level 3.3 Unarmed Combat
 + Level 2.3 Spellcasting
 + Level 0.5 Conjurations
 + Level 2.4 Transmutations
 + Level 1.4 Poison Magic


You had 6 spell levels left.
You knew the following spells:

 Your Spells              Type           Power      Damage    Failure   Level
a - Beastly Appendage     Tmut           20%        N/A       7%          1

Your spell library contained the following spells:

 Spells                   Type           Power      Damage    Failure   Level
 Wereblood                Tmut           10%        N/A       11%         2
 Magic Dart               Conj           12%        1d3       16%         1
 Searing Ray              Conj           6%         2d4       22%         2
 Spider Form              Tmut/Pois      8%         N/A       26%         3
 Ensorcelled Hibernation  Hex/Ice        2%         N/A       28%         2
 Stone Arrow              Conj/Erth      4%         3d7       45%         3
 Ice Form                 Ice/Tmut       6%         N/A       75%         4
 Fulminant Prism          Conj/Hex       1%         3d6       86%         4
 Anguish                  Hex/Necr       0%         N/A       88%         4
 Lehudib's Crystal Spear  Conj/Erth      1%         10d2      100%        8
 Animate Armour           Summ/Erth      Unusable   N/A       N/A         4

Dungeon Overview and Level Annotations

Branches:
Dungeon (3/15)

Altars:
Beogh


Innate Abilities, Weirdness & Mutations

One of your tentacles has grown a beastly spike.
You cannot wear most types of armour.
You are amphibious.
You can wear up to eight rings at the same time.
Your skin changes colour to match your surroundings (Stealth+).
Your rubbery body absorbs attacks. (AC +1, EV +1)
((You are camouflaged when in or above water. (Stealth+)))
You have tentacles for arms and can constrict up to eight enemies at once.


Message History

a +0 leather armour; a +0 club; an orc skeleton One of your tentacles grows a vicious spike.
Magic restored.
You now have 110 gold pieces (gained 13).
Your transformation is almost over.
You now have 119 gold pieces (gained 9).
You now have 129 gold pieces (gained 10).
You now have 141 gold pieces (gained 12).
You now have 157 gold pieces (gained 16).
Your tentacle spike disappears.
You now have 174 gold pieces (gained 17).
You now have 183 gold pieces (gained 9).
You now have 198 gold pieces (gained 15).
There is an open door here.
You see here a +0 hand axe.
The orc priest shouts!
You hear a shout!
An orc priest is nearby!
An orc priest is nearby!
An orc priest is nearby!
One of your tentacles grows a vicious spike.
The orc wizard shouts!
The orc priest calls down the wrath of Beogh upon you.
Beogh smites you!
Ouch! That really hurt!
You are too injured to fight recklessly!
Unknown command.
You hit the orc priest. Your grab misses the orc priest.
You pierce the orc priest.
The orc priest is severely wounded.
You hit the orc priest. Your grab misses the orc priest.
You tentacle-slap the orc priest, but do no damage.
The orc priest is severely wounded.
The orc priest barely misses you.
You closely miss the orc priest. Your grab misses the orc priest.
You pierce the orc priest, but do no damage.
The orc priest is severely wounded.
The orc wizard gestures at you while chanting.
You resist with some effort.
The orc priest hits you with a +0 war axe!
You die...

##.## ########.## #.
#.#######..........## #.
#.##......#####...#.######.
#######.##.......................
.......รท...........##.#.#........
.###..#.##.......#.##.#.#.##.....
.##.....##..<....#........##.##..
.##...####.....oo.....#.####.##..
......####.#####@####.#......##..
###........# ###...)..#.#######..
.......#######...######.#### #.#
.##.#.......##...# #.......# #..
.##.#.....#(##...###.##.##.# ###
.##.....#.#..........#...#.######
.####............................
......<####..........#<##########
#####.......##...###.###...## #


You could see an orc priest and an orc wizard.

Vanquished Creatures
  An adder (D:2)
  2 worms (D:3)
  A dart slug (D:1)
  3 orcs
  5 endoplasms
  A giant cockroach (D:1)
  2 goblins
  4 hobgoblins (D:1)
  2 quokkas (D:1)
  2 ball pythons
  4 bats
  A frilled lizard (D:1)
  3 kobolds
  7 rats
38 creatures vanquished.

Notes
Turn   | Place    | Note
-------+----------+-------------------------------------------
     0 | D:1      | vvl the Octopode Transmuter began the quest for the Orb.
     0 | D:1      | Reached XP level 1. HP: 13/13 MP: 3/3
   482 | D:1      | Reached XP level 2. HP: 18/18 MP: 3/5
  1253 | D:1      | Reached skill level 1 in Poison Magic
  1631 | D:2      | Found a faded altar of an unknown god.
  1659 | D:2      | Reached XP level 3. HP: 20/23 MP: 4/6
  2661 | D:3      | Reached XP level 4. HP: 19/28 MP: 5/7
  3300 | D:3      | Slain by an orc priest

Illustrated notes

Levels and vault maps discovered:
D:1:      mrwooster_arrival_statue, layout_basic
D:2:      layout_basic, ebering_ecumenical_altar_hall
D:3:      layout_loops_cross, kennysheep_orc_chapel

Skill      XL: |  1  2 |
---------------+-------+-----
Poison Magic   | 1 |  1.4
Fighting       | |  1.5
Dodging        | |  2.3
Unarmed Combat | |  3.3
Spellcasting   | |  2.3
Conjurations   | |  0.5
Transmutations | |  2.4

Action                   |  1- 3 |  4- 6 || total
-------------------------+-------+-------++-------
Melee: Unarmed           |     7 |       ||     7
       Kick              |    26 |     4 ||    30
       Short sword       |    71 |     9 ||    80
       Constrict         |    20 |     1 ||    21
       Tentacles         |    16 |     2 ||    18
       Punch             |     1 |     1 ||     2
 Cast: Beastly Appendage |    24 |     2 ||    26
 Stab: Sleeping          |     4 |       ||     4
Armor: Skin              |     8 |       ||     8
Dodge: Dodged            |    50 |     6 ||    56
